AoeStats
← Guru8722

Hill Fort

503913712Analyzed
3v3 RM · 29d ago on Sep 3, 2026· 42m 9s· 6 players
Game mode
Random Map
Map size
Normal (6 player)
Population
200
Speed
Normal
Resources
Standard
Victory
Conquest
Starting age
Dark Age
Ending age
Imperial Age
RankedLock teamsTeams togetherTeam positionsShared explorationLock speedFull tech treeHidden civsTurbo modeCheats
Victory
Defeat
🇺🇸 Armenians · United States
1032
+16
🇺🇸 Saracens · United States
1016
+17
🇺🇸 Hindustanis · United States
1016
+17
🇺🇸 Magyars · United States
1103
-19
🇺🇸 Vietnamese · United States
1012
-16
🇺🇸 Wei · United States
995
-15
Jarl Pajeet_Singh
10:23 Feudal Age
11:34 Double-Bit Axe
14:26 Loom
19:27 Castle Age
21:38 Bow Saw
23:02 Wheelbarrow
23:02 Town Watch
23:34 Horse Collar
25:47 Hand Cart
28:40 Town Patrol
30:29 Heavy Plow
31:09 Gold Mining
31:11 Stone Mining
31:54 Husbandry
32:04 Bloodlines
34:35 Gold Shaft Mining
34:32 Scale Barding Armor
34:38 Forging
35:55 Chain Barding Armor
37:37 Stone Shaft Mining
40:41 Imperial Age
39:55 Iron Casting
39:10 Fletching
40:25 Ballistics
42:23 Chemistry
40:54 Heavy Camel Rider
42:37 Plate Barding Armor
43:02 Blast Furnace
Kumar Singh
6:05 Loom
11:20 Feudal Age
13:13 Town Watch
14:12 Wheelbarrow
16:13 Double-Bit Axe
20:20 Castle Age
18:11 Horse Collar
21:37 Scale Barding Armor
21:43 Forging
22:26 Husbandry
24:17 Fletching
25:43 Bow Saw
30:42 Hand Cart
31:43 Iron Casting
36:44 Imperial Age
35:05 Bloodlines
35:10 Padded Archer Armor
36:29 Town Patrol
36:37 Elite Skirmisher
37:51 Conscription
38:17 Elite Mameluke
GLD_PLZ
9:46 Feudal Age
11:04 Man-at-Arms
12:11 Long Swordsman
14:46 Double-Bit Axe
16:43 Arson
16:42 Horse Collar
18:40 Wheelbarrow
21:12 Castle Age
19:58 Fletching
20:09 Padded Archer Armor
23:09 Elite Skirmisher
24:04 Bodkin Arrow
23:49 Pikeman
27:26 Scale Mail Armor
28:30 Leather Archer Armor
28:45 Chain Mail Armor
34:20 Imperial Age
33:13 Hand Cart
33:33 Ballistics
34:10 Halberdier
35:27 Bracer
36:59 Town Watch
36:59 Loom
37:00 Capped Ram
38:06 Two-Handed Swordsman
38:32 Gambesons
38:47 Squires
39:19 Plate Mail Armor
39:00 Forging
39:37 Ring Archer Armor
39:22 Bow Saw
40:41 Chemistry
40:46 Champion
41:30 Siege Ram
Guru8722
11:01 Feudal Age
13:15 Double-Bit Axe
23:00 Castle Age
21:37 Fletching
22:27 Gold Mining
22:21 Horse Collar
23:54 Bow Saw
24:35 Wheelbarrow
26:13 Bodkin Arrow
25:41 Crossbowman
27:05 Ballistics
29:56 Heavy Plow
33:06 Padded Archer Armor
Sanji-San
3:35 Loom
10:36 Feudal Age
16:44 Castle Age
17:48 Fletching
22:03 Double-Bit Axe
23:39 Bodkin Arrow
25:40 Loom
26:31 Bow Saw
26:17 Horse Collar
29:39 Town Watch
32:00 Padded Archer Armor
32:15 Town Watch
32:55 Bloodlines
35:03 Wheelbarrow
36:15 Leather Archer Armor
37:11 Gold Mining
38:31 Hand Cart
43:09 Imperial Age
41:17 Ballistics
41:39 Scale Barding Armor
sksarthak
5:16 Loom
11:25 Feudal Age
13:15 Double-Bit Axe
13:11 Horse Collar
16:25 Wheelbarrow
20:43 Castle Age
20:25 Bloodlines
22:28 Husbandry
25:36 Bow Saw
25:27 Heavy Plow
29:23 Gold Mining
34:54 Imperial Age
33:57 Hand Cart
33:28 Town Watch
35:17 Cavalier
36:23 Scale Barding Armor
36:53 Conscription
38:30 Chain Barding Armor
39:59 Plate Barding Armor
39:16 Fletching
39:27 Padded Archer Armor
Connection lost

Rejoining the realm…

Still unreachable

The connection could not be restored.

Session expired

The server has moved on; the page needs a fresh start.